Map: [ESL] Royal Blood

Players

NightMare

  • Race: Protoss Protoss
  • Spawn Location: 7:00

herO - Winner!

  • Race: Protoss Protoss
  • Spawn Location: 1:00

VOD

https://youtu.be/E70q_tp0z20

Description

Time

  • Played on: July 6, 2023, 7:50 a.m.
  • Length: 12:38
Show
View Real Time Build Order
Export as new Build Order

NightMare Protoss 

Build Orders:  

Get SALT Encoding   

  12  0:00  Probe  
  13  0:12  Probe  
  14  0:18  Pylon  
  14  0:24  Probe (Chrono Boost)  
  15  0:36  Probe (Chrono Boost), Gateway  
  16  0:45  Probe (Chrono Boost)  
  16  0:46  Assimilator  
  17  0:50  Probe  
  18  0:57  Assimilator  
  18  1:03  Probe (Chrono Boost)  
  19  1:08  Gateway  
  20  1:12  Probe (Chrono Boost)  
  20  1:17  Probe (Chrono Boost)  
  21  1:25  Cybernetics Core  
  21  1:29  Probe  
  22  1:37  Pylon  
  22  1:41  Probe  
  23  1:56  Probe  
  24  2:02  Warp Gate (Chrono Boost), Stalker x2  
  28  2:11  Pylon  
  28  2:21  Pylon  
  28  2:26  Shield Battery  
  28  2:35  Stalker  
  30  2:40  Stalker  
  32  3:02  Nexus  
  32  3:17  Pylon  
  32  3:21  Gateway  
  32  3:37  Probe  
  32  3:38  Stalker x2  
  37  3:49  Probe  
  37  3:54  Twilight Council  
  38  4:01  Probe  
  39  4:07  Shield Battery  
  38  4:14  Stalker x2  
  42  4:18  Probe  
  42  4:19  Probe  
  44  4:30  Blink (Chrono Boost)  
  42  4:32  Probe x2  
  42  4:45  Probe (Chrono Boost)  
  42  4:48  Probe (Chrono Boost)  
  44  4:54  Stalker x2  
  44  4:57  Probe (Chrono Boost)  
  50  5:01  Probe (Chrono Boost)  
  50  5:03  Probe (Chrono Boost)  
  50  5:05  Pylon  
  51  5:10  Probe  
  51  5:12  Probe  
  49  5:23  Robotics Facility  
  49  5:24  Probe x2 (Chrono Boost)  
  53  5:36  Probe (Chrono Boost)  
  53  5:38  Stalker, Sentry x2  
  53  5:39  Probe (Chrono Boost)  
  53  5:41  Probe (Chrono Boost)  
  60  5:45  Pylon  
  60  5:46  Probe  
  61  5:51  Probe  
  62  6:00  Phoenix  
  62  6:03  Probe  
  63  6:07  Stalker x2  
  63  6:08  Stalker  
  63  6:11  Observer  
  70  6:12  Pylon  
  70  6:14  Assimilator  
  70  6:24  Pylon  
  70  6:30  Probe x2  
  68  6:33  Stalker x3  
  69  6:42  Probe x2  
  65  6:54  Probe x2  
  65  6:57  Stalker x3  
  71  7:05  Immortal (Chrono Boost)  
  71  7:06  Probe x2  
  77  7:15  Pylon  
  77  7:21  Nexus  
  77  7:24  Immortal (Chrono Boost)  
  77  7:27  Stalker x2  
  81  7:35  Stalker  
  83  7:40  Pylon  
  83  7:47  Pylon  
  83  7:53  Stalker  
  83  7:57  Immortal (Chrono Boost)  
  85  7:59  Stalker x2  
  85  8:00  Shield Battery  
  91  8:12  Probe x2  
  91  8:17  Stalker  
  93  8:23  Gateway x2  
  93  8:24  Gateway  
  93  8:27  Sentry  
  93  8:28  Stalker  
  97  8:39  Probe x3 (Chrono Boost)  
  100  8:44  Resonating Glaives (Chrono Boost)  
  100  8:47  Stalker  
  105  8:49  Probe x3 (Chrono Boost)  
  105  8:51  Stalker x2  
  105  8:54  Probe x2 (Chrono Boost)  
  105  9:00  Probe  
  108  9:03  Pylon  
  108  9:05  Probe x2  
  108  9:07  Gateway  
  110  9:13  Observer  
  110  9:15  Observer  
  110  9:16  Pylon  
  110  9:18  Adept x3  
  116  9:26  Adept x2  
  116  9:27  Adept  
  122  9:31  Pylon  
  122  9:41  Adept x3  
  122  9:44  Pylon, Assimilator  
  127  9:45  Shield Battery  
  127  9:49  Observer (Chrono Boost)  
  127  9:51  Pylon  
  128  9:58  Adept x3  
  134  10:04  Adept x2  
  134  10:06  Shield Battery  
  138  10:09  Adept x2  
  138  10:12  Warp Prism (Chrono Boost)  
  142  10:18  Probe  
  145  10:22  Pylon  
  145  10:25  Adept x2  
  149  10:31  Pylon  
  149  10:33  Pylon  
  149  10:34  Sentry x2  
  149  10:35  Sentry  
  155  10:37  Pylon  
  155  10:58  Adept x7  
  155  11:02  Pylon  
  159  11:19  Stalker x5  
  159  11:20  Stalker x2  
  125  11:39  Adept x2  
  111  11:42  Stalker  
  111  11:45  Stalker x4  
  89  11:59  Stalker x3  
  86  12:07  Shield Battery  
  80  12:09  Stalker x2  
  80  12:19  Adept x2  
  76  12:27  Adept x3  
Show
View Real Time Build Order
Export as new Build Order

herO Protoss - Winner!

Build Orders: Oracle Opening 

Get SALT Encoding   

  12  0:00  Probe  
  13  0:12  Probe  
  14  0:17  Pylon  
  14  0:24  Probe (Chrono Boost)  
  16  0:36  Probe (Chrono Boost), Gateway  
  16  0:43  Probe (Chrono Boost)  
  16  0:47  Assimilator  
  17  0:50  Probe  
  17  0:54  Assimilator  
  18  1:03  Probe (Chrono Boost)  
  19  1:07  Gateway  
  20  1:12  Probe (Chrono Boost)  
  20  1:17  Probe (Chrono Boost)  
  20  1:24  Cybernetics Core  
  21  1:29  Probe  
  22  1:37  Pylon  
  22  1:41  Probe  
  23  1:55  Probe  
  23  2:01  Adept, Stalker  
  28  2:03  Warp Gate  
  28  2:10  Pylon  
  28  2:20  Stargate  
  28  2:30  Stalker  
  28  2:35  Stalker  
  31  3:01  Oracle (Chrono Boost)  
  31  3:04  Shield Battery  
  34  3:18  Nexus  
  32  3:28  Oracle (Chrono Boost)  
  32  3:31  Probe  
  36  3:37  Pylon  
  36  3:43  Probe  
  37  3:57  Probe, Adept x2  
  42  4:07  Twilight Council  
  43  4:10  Probe  
  43  4:22  Probe  
  44  4:31  Probe  
  45  4:34  Probe  
  45  4:35  Blink (Chrono Boost)  
  42  4:40  Gateway  
  43  4:45  Probe  
  43  4:46  Probe  
  43  4:49  Stalker  
  43  4:51  Stalker  
  48  4:57  Probe  
  48  4:58  Probe  
  50  5:04  Gateway  
  50  5:10  Probe x2  
  52  5:18  Stalker x2  
  53  5:24  Probe  
  53  5:25  Probe  
  55  5:29  Pylon  
  55  5:37  Probe x2  
  55  5:39  Assimilator  
  57  5:43  Stalker x2  
  57  5:47  Stalker  
  57  5:49  Pylon  
  63  5:52  Probe  
  64  6:04  Probe  
  64  6:08  Stalker x3  
  70  6:12  Stalker  
  70  6:15  Probe  
  70  6:17  Probe  
  70  6:18  Pylon  
  74  6:23  Pylon  
  68  6:40  Stalker x4  
  70  6:56  Nexus  
  70  7:00  Probe x2  
  72  7:03  Adept x2  
  72  7:05  Stalker x2  
  80  7:12  Probe x2  
  80  7:14  Forge  
  82  7:32  Stalker x4  
  82  7:36  Probe x2, Protoss Ground Weapons Level 1 (Chrono Boost)  
  92  7:37  Shield Battery  
  92  7:47  Pylon  
  92  7:49  Probe x2  
  94  7:51  Pylon  
  94  7:52  Charge  
  94  8:05  Probe x2  
  90  8:13  Probe (Chrono Boost)  
  90  8:18  Gateway  
  90  8:19  Robotics Facility, Gateway  
  93  8:22  Probe x2 (Chrono Boost)  
  93  8:25  Probe (Chrono Boost)  
  94  8:27  Sentry x2  
  94  8:28  Zealot x2  
  94  8:31  Probe (Chrono Boost)  
  94  8:32  Probe (Chrono Boost)  
  105  8:35  Pylon  
  105  8:39  Pylon  
  105  8:40  Nexus  
  104  8:43  Pylon  
  104  8:55  Phoenix  
  104  8:58  Zealot x2, Sentry  
  110  9:06  Zealot, Templar Archives  
  110  9:07  Nexus  
  110  9:08  Observer (Chrono Boost)  
  113  9:13  Gateway  
  113  9:14  Gateway  
  113  9:15  Shield Battery  
  113  9:20  Protoss Ground Weapons Level 2 (Chrono Boost)  
  113  9:21  Zealot, Observer (Chrono Boost)  
  113  9:22  Zealot x2  
  120  9:31  Probe x3  
  123  9:44  Zealot x6  
  135  9:51  Immortal (Chrono Boost)  
  139  9:57  Probe x2  
  139  9:58  Probe  
  142  10:01  Photon Cannon  
  142  10:05  Pylon  
  142  10:16  Photon Cannon  
  142  10:17  Photon Cannon  
  142  10:18  Photon Cannon  
  142  10:20  Warp Prism (Chrono Boost), Shield Battery  
  142  10:22  Probe x3  
  142  10:23  Probe  
  148  10:32  Pylon  
  148  10:33  High Templar x2, Zealot x3  
  148  10:34  Zealot  
  160  10:37  Archon  
  160  10:40  Zealot x2  
  164  10:49  Gateway  
  160  10:52  Immortal, Gateway  
  160  10:56  Stalker x3  
  162  11:00  Stalker  
  155  11:11  Stalker x2  
  155  11:15  Zealot x2  
  147  11:28  Zealot x4  
  147  11:31  Immortal (Chrono Boost)  
  136  11:37  Zealot x3  
  136  11:38  Zealot  
  104  11:54  Stalker x3  
  101  11:55  Stalker  
  101  12:03  Zealot x6  
  101  12:04  Probe x4  
  117  12:09  Probe  
  117  12:11  Pylon  
  114  12:16  Probe x4  
  114  12:18  Zealot x4  
  114  12:22  Probe  
  125  12:24  Zealot x5  
Tags
 
Add a new tag
Caveats
  • Supply blocks, unpowered buildings, or Contaminate may cause inaccurate times.
  • Supply counts are checked every 10 seconds.